 Dungeon Crawl Stone Soup version 0.21-a0-2-ge494091 (webtiles) character file.

3978 Chiseanne the Fighter (level 10, -24/136 HPs)
             Began as a Minotaur Monk on May 22, 2017.
             Was a Priest of Wu Jian.
             Killed from afar by an ice dragon (35 damage)
             ... with a blast of cold
             ... on level 8 of the Dungeon.
             The game lasted 00:16:20 (8068 turns).

Chiseanne the Fighter (Minotaur Monk)               Turns: 8068, Time: 00:16:20

Health: -24/136    AC: 25    Str: 16    XL:     10   Next: 2%
Magic:  9/9        EV:  2    Int:  7    God:    Wu Jian [***...]
Gold:   473        SH:  0    Dex: 16    Spells: 9/9 levels left

rFire    . . .     SeeInvis .   s - +4 quarterstaff (chaos)
rCold    . . .     Gourm    .   (shield currently unavailable)
rNeg     + + +     Faith    .   (armour currently unavailable)
rPois    +         Spirit   .   (helmet currently unavailable)
rElec    .         Reflect  .   (cloak currently unavailable)
rCorr    +         Harm     .   (gloves currently unavailable)
MR       .....     NoTele   +   (boots currently unavailable)
Stlth    ++........             (no amulet)
Regen    0.4/turn               d - ring of resist corrosion
MPRegen  0.2/turn               (no ring)

@: tree-form, barbed spikes
A: (retaliatory headbutt)
a: Renounce Religion


You were on level 8 of the Dungeon.
You worshipped Wu Jian.
Wu Jian was most pleased with you.
You were not hungry.
You were a tree.
You visited 2 branches of the dungeon, and saw 9 of its levels.

You collected 473 gold pieces.

Inventory:

Hand Weapons
 a - a +2 hand axe of venom
 s - a +4 quarterstaff of chaos (weapon)
Missiles
 l - 127 arrows
 m - 105 sling bullets
 q - 3 silver tomahawks (quivered)
 t - 73 bolts
 x - 10 poisoned needles
 y - 17 tomahawks
 B - 3 curare-tipped needles
 C - 248 stones
Armour
 b - a +2 pair of boots (melded)
 e - a +2 cloak (melded)
 N - a +0 scale mail (melded)
Jewellery
 d - a ring of resist corrosion (left branch)
Wands
 n - a wand of random effects (9/48)
 D - a wand of iceblast (9/15)
 H - a wand of lightning (5/15)
 I - a wand of lightning (5/15)
 K - a wand of lightning (6/15)
Scrolls
 f - a scroll of blinking
 k - a scroll of fog
 o - 2 scrolls of remove curse
 p - a scroll of amnesia
 z - 2 scrolls of teleportation
 F - 3 scrolls of identify
 O - a scroll of enchant armour
Potions
 i - a potion of curing
 j - 2 potions of magic
 A - a potion of brilliance
 E - 3 potions of flight
 G - a potion of berserk rage
 J - a potion of might {unknown}
Books
 v - a book of Flames

   Spells                             Type                      Level
   a - Flame Tongue                   Conjuration/Fire             1
   b - Throw Flame                    Conjuration/Fire             2
   c - Conjure Flame                  Conjuration/Fire             3
   d - Inner Flame                    Hexes/Fire                   3
   e - Sticky Flame                   Conjuration/Fire             4
   f - Fireball                       Conjuration/Fire             5
Comestibles
 c - 6 bread rations
 h - 3 meat rations
 r - 6 chunks of flesh
 u - a fruit
 M - a royal jelly


   Skills:
 * Level 9.5 Fighting
   Level 5.2 Long Blades
 * Level 7.3 Axes
 * Level 8.7 Armour
 * Level 8.6 Dodging
 - Level 1.5 Stealth


You had 9 spell levels left.
You didn't know any spells.

Dungeon Overview and Level Annotations

Branches:
Dungeon (8/15)             Temple (1/1) D:6
   Lair: D:8-11

Altars:
Ashenzari
Cheibriados
Dithmenos
Elyvilon
Fedhas
Gozag
Hepliaklqana
Kikubaaqudgha
Makhleb
Nemelex Xobeh
Okawaru
Qazlal
Ru
Sif Muna
Trog
Uskayaw
Vehumet
Wu Jian
Xom
Yredelemnul
Zin
The Shining One


Innate Abilities, Weirdness & Mutations

((You reflexively headbutt those who attack you in melee.))
((You have a pair of horns on your head.))


Message History

The ice dragon flickers and vanishes!
Deactivating autopickup; reactivate with Ctrl-A.
Evoking this partially-identified wand wasted a few charges.
The hound zombie bites you but does no damage.
Something bites you!
* * * LOW HITPOINT WARNING * * *
Something claws you but does no damage.
Something tramples you but does no damage.
The hound zombie barely misses you.
You closely miss something. Something bites you but does no damage.
Something claws you.
* * * LOW HITPOINT WARNING * * *
Something tramples you but does no damage.
The hound zombie bites you but does no damage.
You sock something!
Nothing appears to happen.
The hound zombie bites you but does no damage.
You hear a roar.
A blast of cold appears from out of thin air!
The blast of cold hits you!
You die...

#.# #.# .## # ###
#.# ..# # # #.#
#.#.# # #.###.#.#
# #.......# # ##
###.#.### #.. ..
##.
#####....####....
8..8#..
#'.......)Z......
.....[.)
#.####.....♣{F..#
#...#.## .
#.#.#.###..#
...... # #.##
#.###.# .# (..##
.#. #.# #.# # #
#+.. #.# #.# #..
#.# #.# #.# #..
... ###.##### ...
#.......#


You could see a bullfrog and a hound zombie.

Vanquished Creatures
  Sigmund (D:6)
  2 hungry ghosts
  Menkaure (D:5)
  A water moccasin (D:7)
  Duvessa (D:5)
  A sky beast (D:5)
  2 orc warriors (D:7)
  The ghost of Unholydonuts the Chopper, an amateur HOMo (D:3)
  A necrophage (D:6)
  3 ice beasts (D:7)
  3 ogres
  4 centaurs
  A big kobold (D:7)
  A bullfrog (D:6)
  A gnoll sergeant (D:8)
  Dowan (D:5)
  2 scorpions
  3 howler monkeys
  An electric eel (D:6)
  2 jellies
  A crimson imp (D:8)
  2 bullfrog zombies
  A quasit (D:8)
  A bullfrog skeleton (D:8)
  9 orc priests
  Crazy Yiuf (D:2)
  A centaur skeleton (D:8)
  2 hounds
  2 orc wizards
  Terence (D:2)
  An iguana (D:8)
  Natasha (thrice) (D:2)
  3 worker ants
  A killer bee zombie (D:5)
  2 hound skeletons
  5 gnolls (D:8)
  A worker ant zombie (D:8)
  3 adders
  2 shadow imps
  3 oozes
  An adder skeleton (D:4)
  2 worms
  2 dart slugs
  4 leopard geckos
  23 orcs
  A ball python (D:2)
  9 bats
  5 giant cockroaches
  6 goblins
  4 hobgoblins
  8 jackals
  3 quokkas
  4 frilled lizards
  9 kobolds
  2 leopard gecko zombies (D:6)
  3 rats
164 creatures vanquished.

Vanquished Creatures (others)
  A manticore (D:8)
  An orc wizard (D:5)
2 creatures vanquished.

Grand Total: 166 creatures vanquished

Notes
Turn   | Place    | Note
-------+----------+-------------------------------------------
     0 | D:1      | Chiseanne the Minotaur Monk began the quest for the Orb.
     0 | D:1      | Reached XP level 1. HP: 19/19 MP: 0/0
   563 | D:1      | Reached skill level 1 in Armour
   563 | D:1      | Reached XP level 2. HP: 27/27 MP: 1/1
  1095 | D:2      | Found a runed door.
  1198 | D:2      | Noticed Terence
  1212 | D:2      | Killed Terence
  1212 | D:2      | Reached skill level 4 in Fighting
  1212 | D:2      | Reached XP level 3. HP: 24/33 MP: 2/2
  1585 | D:2      | Reached XP level 4. HP: 40/40 MP: 3/3
  1709 | D:2      | Noticed Natasha
  1716 | D:2      | Killed Natasha
  1841 | D:2      | Noticed Natasha
  1851 | D:2      | Killed Natasha
  2040 | D:2      | Reached XP level 5. HP: 30/47 MP: 4/4
  2046 | D:2      | Noticed Natasha
  2057 | D:2      | Killed Natasha
  2321 | D:2      | Noticed Crazy Yiuf
  2345 | D:2      | Killed Crazy Yiuf
  2345 | D:2      | Reached skill level 5 in Long Blades
  2613 | D:3      | Noticed Unholydonuts's ghost (amateur HOMo)
  2627 | D:3      | Killed Unholydonuts's ghost
  2627 | D:3      | Reached XP level 6. HP: 33/55 MP: 5/5
  2870 | D:3      | Reached skill level 5 in Fighting
  3424 | D:4      | Reached skill level 5 in Dodging
  3558 | D:4      | Reached XP level 7. HP: 17/62 MP: 6/6
  4187 | D:5      | Entered Level 5 of the Dungeon
  4242 | D:5      | Reached skill level 1 in Axes
  4242 | D:5      | Reached skill level 5 in Armour
  4249 | D:5      | Noticed Menkaure
  4251 | D:5      | Reached skill level 6 in Fighting
  4258 | D:5      | Killed Menkaure
  4578 | D:5      | Reached XP level 8. HP: 67/71 MP: 7/7
  4623 | D:5      | Noticed Dowan
  4627 | D:5      | Noticed Duvessa
  4675 | D:5      | Killed Duvessa
  4675 | D:5      | Reached skill level 7 in Fighting
  4677 | D:5      | Killed Dowan
  4679 | D:5      | Found a glowing golden altar of the Shining One.
  5098 | D:6      | Noticed Sigmund
  5104 | D:6      | Killed Sigmund
  5191 | D:6      | Found a staircase to the Ecumenical Temple.
  5200 | Temple   | Entered the Ecumenical Temple
  5308 | Temple   | Became a worshipper of the Wu Jian Council
  5308 | Temple   | Reached * piety under Wu Jian
  5308 | Temple   | Reached ** piety under Wu Jian
  5684 | D:6      | Reached skill level 5 in Axes
  6155 | D:7      | Reached skill level 8 in Fighting
  6155 | D:7      | Reached XP level 9. HP: 78/81 MP: 8/8
  7239 | D:8      | Reached skill level 9 in Fighting
  7251 | D:8      | Noticed an ice dragon
  7258 | D:8      | Noticed a manticore
  7264 | D:8      | Reached *** piety under Wu Jian
  8058 | D:8      | Killed a manticore
  8058 | D:8      | Reached XP level 10. HP: 26/91 MP: 9/9
  8068 | D:8      | Killed from afar by an ice dragon

Vault maps used:
D:1:      lemuel_arrival_rhombus, minmay_vboxes
D:2:      first_bread, uniq_natasha, uniq_terence, uniq_crazy_yiuf_cottage
D:5:      lemuel_doored_altar, uniq_menkaure, uniq_duvessa
D:6:      minmay_temple_entry_glass, serial_bayou_pond_b, uniq_sigmund
D:7:      hangedman_abyss_or_decor_passed, hangedman_minor_gate_pass
D:8:      hangedman_pestilent_swarm, jmf_multi_god_temple
Temple:   kilobyte_greek_temple

Skill      XL: |  1  2  3  4  5  6  7  8  9 |
---------------+----------------------------+-----
Armour         | 1 2 3 4 5 7 8 |  8.7
Fighting       | 4 5 6 8 9 |  9.5
Long Blades    | 4 5 |  5.2
Dodging        | 4 5 6 7 8 |  8.6
Axes           | 3 5 7 |  7.3
Stealth        | |  1.5

Action                   |  1- 3 |  4- 6 |  7- 9 | 10-12 || total
-------------------------+-------+-------+-------+-------++-------
Melee: Falchion          |    59 |    53 |       |       ||   112
       Headbutt          |    16 |    18 |    57 |       ||    91
       Quarterstaff      |       |    51 |    83 |     4 ||   138
       Hand axe          |       |       |   196 |       ||   196
Throw: Tomahawk          |       |       |     1 |       ||     1
Evoke: Wand              |       |       |       |     2 ||     2
  Use: Scroll            |     4 |     7 |     6 |       ||    17
       Potion            |     1 |     1 |     4 |     4 ||    10
 Stab: Sleeping          |     3 |     2 |     1 |       ||     6
       Invisible         |       |       |     2 |       ||     2
       Paralysed         |       |       |     1 |       ||     1
  Eat: Chunk             |     2 |     6 |    12 |       ||    20
       Fruit             |       |       |     3 |       ||     3
       Royal jelly       |       |       |     1 |       ||     1
Armor: Robe              |     2 |       |       |       ||     2
       Leather armour    |     8 |    33 |    18 |       ||    59
       Skin              |       |     7 |    42 |    23 ||    72
       Ring mail         |       |       |    77 |       ||    77
       Scale mail        |       |       |     8 |       ||     8
Dodge: Dodged            |    37 |    79 |   255 |     1 ||   372
       Rpst.: Falchion   |     9 |     9 |       |       ||    18
